 Dungeon Crawl Stone Soup version 0.17.0-56-gd8de76c (console) character file.

1539 Kloppie the Chiller (level 8, -3/62 HPs)
             Began as a Pale Draconian Ice Elementalist on Dec 5, 2015.
             Was a Follower of Vehumet.
             Slain by a yak (8 damage)
             ... on level 6 of the Dungeon.
             The game lasted 00:18:53 (7386 turns).

Kloppie the Chiller (DrIE)                          Turns: 7386, Time: 00:18:53

Health: -3/62      AC: 13    Str: 15    XL:     8   Next: 56%
Magic:  3/16       EV: 13    Int: 24    God:    Vehumet [*.....]
Gold:   281        SH:  0    Dex: 12    Spells: 6 memorised, 0 levels left

rFire  . . .     SeeInvis .     j - +2 short sword (protect)
rCold  . . .     Clarity  .     (armour unavailable)
rNeg   . . .     SustAt   .     (no shield)
rPois  .         Gourm    .     (helmet restricted)
rElec  .         Spirit   .     (no cloak)
rCorr  .         Warding  .     u - +1 pair of gloves
rMut   .         Stasis   .     (no boots)
MR     .....                    (no amulet)
Stlth  ++........               (no ring)
                                m - +6 ring of intelligence

@: mighty, flying, very slightly contaminated, invisible, not resistant to
hostile enchantments, unstealthy
A: breathe steam, unfitting armour, cold-blooded, AC +6
a: Breathe Steam, Renounce Religion


You were on level 6 of the Dungeon.
You worshipped Vehumet.
Vehumet was aware of your devotion.
You were not hungry.

You visited 1 branch of the dungeon, and saw 7 of its levels.

You collected 281 gold pieces.

Inventory:

Hand Weapons
 d - a +0 dagger
 j - a +2 short sword of protection (weapon)
 w - a cursed +2 morningstar
 z - a +0 lajatang
 B - a +2 falchion
Armour
 u - a +1 pair of gloves (worn)
Jewellery
 m - a +6 ring of intelligence (left hand)
Wands
 n - a wand of random effects (30)
 x - a wand of cold (12)
Scrolls
 c - a scroll of noise
 g - a scroll of recharging
 o - a scroll of fear
 p - a scroll of random uselessness {unknown}
 s - a scroll of acquirement {unknown}
 y - a scroll of identify
Potions
 q - a potion of cancellation
 v - 2 potions of brilliance
Books
 a - a book of Frost

   Spells                             Type                      Level
   a - Freeze                         Ice                          1
   b - Throw Frost                    Conjuration/Ice              2
   c - Ozocubu's Armour               Charms/Ice                   3
   d - Throw Icicle                   Conjuration/Ice              4
   e - Summon Ice Beast               Ice/Summoning                4
   f - Condensation Shield            Ice                          4
Comestibles
 b - 5 bread rations
 h - 2 meat rations


   Skills:
 + Level 2.9 Fighting
 + Level 3.2 Dodging
 - Level 1.7 Stealth
 - Level 5.6 Spellcasting
 - Level 4.3 Conjurations
 + Level 7.3 Ice Magic


You couldn't memorise any spells.
You knew the following spells:

 Your Spells              Type           Power        Failure   Level  Hunger
a - Freeze                Ice            ####         1%          1    None
b - Ozocubu's Armour      Chrm/Ice       ###.....     6%          3    #......
c - Throw Frost           Conj/Ice       ####..       1%          2    None
d - Condensation Shield   Ice            #####.....   4%          4    ###....
e - Throw Icicle          Conj/Ice       ####....     10%         4    ###....
f - Summon Ice Beast      Ice/Summ       ###.....     21%         4    ###....


Dungeon Overview and Level Annotations

Branches:
Dungeon (7/15)
 Temple: D:4-7

Altars:
Ashenzari
Cheibriados
Elyvilon
Fedhas
Makhleb
Okawaru
Qazlal
Ru
Sif Muna
Vehumet
Yredelemnul
The Shining One

Shops:
D:5 (

Annotations:
D:5 Dowan, Prince Ribbit
D:6 1 runed door


Innate Abilities, Weirdness & Mutations

You can breathe blasts of scalding, opaque steam.
Your pale cyan-grey scales are hard (AC +6).
Your body does not fit into most forms of armour.
You are cold-blooded and may be slowed by cold attacks.


Message History

You climb upwards.
Level annotation: 1 runed door
There is a stone staircase leading down here.
There is an open door here.
There is a stone staircase leading up here.
Drink which item? (? for menu, Esc to quit)
Okay, then.
Casting: Throw Icicle
Confirm with . or Enter, or press ? or * to list all spells.
You don't have enough magic to cast that spell.
Unknown command.
Drink which item? (? for menu, Esc to quit)
It was a potion of flight.
You feel very buoyant.
You fly up into the air.
The yak misses you.
Drink which item? (? for menu, Esc to quit)
It was a potion of invisibility.
You fade into invisibility!
The yak gores you!
You die...

#.####.#...#
#########.####.#.#.#
.##........#.....#.#
.##........#.#.###.#
.##........+.#.#...#
.##........###.#.###
..........## #.....#
#########.# ###.#.# #######
####......# #@#.######.....#
.......#..######Y#.#..........#
..............##.#.#..........#
......)#.###..##.#.#........###
[.........#
.......#.####.##.###....)...#
########[# #..#.###........#
#.####.......#......>#
#.z..z...#####.......#


You could see a yak.

Vanquished Creatures
  A yak (D:7)
  2 ogres
  A necrophage (D:6)
  A big kobold (D:7)
  A scorpion (D:3)
  2 giant frogs (D:6)
  3 killer bees (D:7)
  6 wights (D:6)
  3 crimson imps
  2 jellies
  An orc priest (D:4)
  3 worker ants
  Jessica (D:2)
  An iguana (D:4)
  Robin (D:2)
  7 adders
  2 shadow imps
  3 adder zombies (D:6)
  An adder skeleton (D:6)
  4 worms
  7 giant geckos
  5 orcs
  7 giant cockroaches
  12 goblins
  3 hobgoblins (D:2)
  2 jackals (D:1)
  A quokka (D:6)
  4 ball pythons
  9 bats
  A giant gecko skeleton (D:4)
  5 giant newts
  9 kobolds
  A kobold skeleton (D:6)
  A kobold zombie (D:6)
  9 rats
122 creatures vanquished.

Notes
Turn   | Place    | Note
--------------------------------------------------------------
     0 | D:1      | Kloppie the Draconian Ice Elementalist began the quest for the Orb.
     0 | D:1      | Reached XP level 1. HP: 14/14 MP: 3/3
   463 | D:1      | Reached XP level 2. HP: 7/20 MP: 5/5
  1747 | D:2      | Reached XP level 3. HP: 26/26 MP: 2/6
  1892 | D:2      | Noticed Robin
  1920 | D:2      | Killed Robin
  1920 | D:2      | Reached skill level 4 in Ice Magic
  1948 | D:2      | Reached XP level 4. HP: 20/33 MP: 1/8
  2082 | D:2      | Learned a level 3 spell: Ozocubu's Armour
  2085 | D:2      | Learned a level 2 spell: Throw Frost
  2429 | D:2      | Noticed Jessica
  2436 | D:2      | Killed Jessica
  2724 | D:3      | Found a burning altar of Makhleb.
  2914 | D:3      | Reached XP level 5. HP: 36/38 MP: 4/10
  2928 | D:3      | Learned a level 4 spell: Condensation Shield
  2934 | D:3      | Found a faded altar to an unknown god.
  3072 | D:3      | Noticed a sky beast
  3523 | D:4      | Found a blossoming altar of Fedhas.
  3702 | D:4      | Noticed an ogre
  3820 | D:4      | Killed an ogre
  3820 | D:4      | Reached skill level 5 in Ice Magic
  3993 | D:4      | Reached XP level 6. HP: 42/45 MP: 6/12
  4478 | D:4      | Found a snail-covered altar of Cheibriados.
  4485 | D:4      | Found a sacrificial altar of Ru.
  4486 | D:4      | Found a basalt altar of Yredelemnul.
  4486 | D:4      | Found a glowing golden altar of the Shining One.
  4486 | D:4      | Found a shattered altar of Ashenzari.
  4487 | D:4      | Found an iron altar of Okawaru.
  4488 | D:4      | Found a deep blue altar of Sif Muna.
  4489 | D:4      | Found a stormy altar of Qazlal.
  4490 | D:4      | Found a radiant altar of Vehumet.
  4494 | D:4      | Became a worshipper of Vehumet
  4632 | D:4      | Found a sacrificial altar of Ru.
  4963 | D:5      | Entered Level 5 of the Dungeon
  4986 | D:5      | Learned a level 4 spell: Throw Icicle
  5103 | D:5      | Found Kokyb's Weapon Shoppe.
  5104 | D:5      | Noticed Dowan
  5186 | D:5      | Found a white marble altar of Elyvilon.
  5307 | D:5      | Noticed Prince Ribbit
  5505 | D:6      | Found a runed door.
  5505 | D:6      | Noticed a human
  5525 | D:6      | Your scales start taking on a pale cyan-grey colour.
  5525 | D:6      | Reached XP level 7. HP: 33/50 MP: 10/14
  5530 | D:6      | Found a basalt altar of Yredelemnul.
  5947 | D:6      | Reached skill level 5 in Spellcasting
  6023 | D:6      | Reached skill level 6 in Ice Magic
  6833 | D:6      | Reached XP level 8. HP: 55/57 MP: 11/16
  6842 | D:6      | Learned a level 4 spell: Summon Ice Beast
  7090 | D:5      | Reached skill level 1 in Fighting
  7346 | D:7      | Reached * piety under Vehumet
  7346 | D:7      | Offered knowledge of Sandblast by Vehumet.
  7348 | D:7      | Reached skill level 7 in Ice Magic
  7367 | D:7      | HP: 2/62 [yak (5)]
  7386 | D:6      | Slain by a yak

Action                   |  1- 3 |  4- 6 |  7- 9 || total
-------------------------+-------+-------+-------++-------
Melee: Unarmed           |    22 |       |       ||    22
       Short sword       |    18 |    27 |    98 ||   143
 Cast: Freeze            |    60 |    87 |   105 ||   252
       Ozocubu's Armour  |       |     3 |     6 ||     9
       Throw Frost       |       |     1 |     1 ||     2
       Throw Icicle      |       |       |     5 ||     5
  Use: Scroll            |       |    11 |     3 ||    14
       Potion            |       |       |     7 ||     7
 Stab: Sleeping          |     2 |       |       ||     2
  Eat: Chunk             |     3 |    12 |     2 ||    17
       Beef jerky        |       |       |     2 ||     2
       Pizza             |       |       |     1 ||     1
